TOP OF THE 1ST |
Boston Red Sox batting - Pitching for Baltimore Orioles : RHP Sean Parks
|
Pitching: RHP Sean Parks
|
|
Batting: SHB Robbie Rogers
|
0-0: Called Strike 0-1: Swinging Strike 0-2: Strikes out swinging
|
Batting: LHB Kevin McCormic Jr.
|
0-0: Ball 1-0: Called Strike 1-1: Fly out, F9 (Flyball, 9, EV 89.4 MPH)
|
Batting: LHB Ernesto Cedillos
|
0-0: Ball 1-0: Called Strike 1-1: Ball 2-1: Ball 3-1: Base on Balls
|
Batting: SHB Rich Chavez
|
0-0: Ball 1-0: Fly out, F7 (Flyball, 78S, EV 88.8 MPH)
|
Top of the 1st over - 0 runs, 0 hits, 0 errors, 1 left on base; Boston 0 - Baltimore 0 |
BOTTOM OF THE 1ST |
Baltimore Orioles batting - Pitching for Boston Red Sox : LHP Ragnar Danielsson
|
Pitching: LHP Ragnar Danielsson
|
|
Batting: RHB Saimei Kudo
|
0-0: Ball 1-0: Ball 2-0: Fly out, F8 (Flyball, 8RD, EV 98.8 MPH)
|
Batting: RHB Marc Peckermark
|
0-0: Ball 1-0: Ground out 6-3 (Groundball, 6, EV 110.6 MPH)
|
Batting: RHB Kevin Howard
|
0-0: Ball 1-0: Ball 2-0: DOUBLE (Line Drive, 9LD, EV 106.3 MPH)
|
Batting: SHB Jason Hayes
|
0-0: Called Strike 0-1: Foul Ball, location: 2F 0-2: Ball 1-2: Ball 2-2: Ball 3-2: Base on Balls
|
Batting: RHB Andres Leon
|
0-0: Called Strike 0-1: Swinging Strike 0-2: Strikes out swinging
|
Bottom of the 1st over - 0 runs, 1 hit, 0 errors, 2 left on base; Boston 0 - Baltimore 0 |
TOP OF THE 2ND |
Boston Red Sox batting - Pitching for Baltimore Orioles : RHP Sean Parks
|
Batting: RHB Nick Esteves
|
0-0: Ball 1-0: Ball 2-0: Ball 3-0: Called Strike 3-1: Foul Ball, location: 2F 3-2: Ground out 4-3 (Groundball, 4MS, EV 63.8 MPH)
|
Batting: RHB Scott Treider
|
0-0: Ball 1-0: Called Strike 1-1: Ball 2-1: Fly out, F8 (Flyball, 8RM, EV 83.8 MPH)
|
Batting: LHB John Bailey
|
0-0: Called Strike 0-1: Ball 1-1: Ball 2-1: SINGLE (Line Drive, 78S, EV 106.3 MPH)
|
Batting: RHB Won-jun Park
|
0-0: Ball 1-0: Swinging Strike 1-1: Called Strike 1-2: Ball 2-2: Ball 3-2: Base on Balls John Bailey to second
|
Batting: RHB Brandon Perris
|
0-0: Ball 1-0: Swinging Strike 1-1: Foul Ball, location: 2F 1-2: Ball 2-2: Ball 3-2: Strikes out swinging
|
Top of the 2nd over - 0 runs, 1 hit, 0 errors, 2 left on base; Boston 0 - Baltimore 0 |
BOTTOM OF THE 2ND |
Baltimore Orioles batting - Pitching for Boston Red Sox : LHP Ragnar Danielsson
|
Batting: LHB Bob Melley
|
0-0: TRIPLE (Flyball, 7LD, EV 105.0 MPH)
|
Batting: LHB Stu Sornson
|
0-0: Called Strike 0-1: Ball 1-1: SINGLE (Groundball, 3S, EV 67.5 MPH) (infield hit) Bob Melley scores
|
Batting: RHB Ruben Garza
|
0-0: Foul Ball, location: 2F 0-1: Ball 1-1: Called Strike 1-2: Strikes out swinging
|
Batting: RHB Jesus Luque
|
0-0: Ball 1-0: Swinging Strike 1-1: Ball 2-1: Ball 3-1: SINGLE (Line Drive, 34, EV 104.4 MPH) Stu Sornson to second
|
Batting: RHB Saimei Kudo
|
0-0: Called Strike 0-1: Ball 1-1: Ball 2-1: Swinging Strike 2-2: Ball 3-2: Base on Balls Stu Sornson to third Jesus Luque to second
|
Batting: RHB Marc Peckermark
|
0-0: Called Strike 0-1: Ground out 4-3 (Groundball, 4S, EV 65.6 MPH) Stu Sornson scores Jesus Luque to third Saimei Kudo to second
|
Batting: RHB Kevin Howard
|
0-0: Ball 1-0: Foul Ball, location: 2F 1-1: Called Strike 1-2: Ball Wild Pitch! Jesus Luque scores Saimei Kudo to third 2-2: Ball 3-2: Fly out, F4 (Popup, 4, EV 68.8 MPH)
|
Bottom of the 2nd over - 3 runs, 3 hits, 0 errors, 1 left on base; Boston 0 - Baltimore 3 |
TOP OF THE 3RD |
Boston Red Sox batting - Pitching for Baltimore Orioles : RHP Sean Parks
|
Batting: SHB Robbie Rogers
|
0-0: Foul Ball, location: 2F 0-1: DOUBLE (Line Drive, 78D, EV 110.0 MPH)
|
Batting: LHB Kevin McCormic Jr.
|
0-0: Ball 1-0: Ball Robbie Rogers steals 3rd base 2-0: Called Strike 2-1: Foul Ball, location: 2F 2-2: Foul Ball, location: 2F 2-2: Ball 3-2: Base on Balls
|
Batting: LHB Ernesto Cedillos
|
0-0: Ball 1-0: Ball 2-0: Called Strike 2-1: SINGLE (Flyball, 89S, EV 93.1 MPH) Robbie Rogers scores Kevin McCormic Jr. to second
|
Batting: SHB Rich Chavez
|
0-0: Ball 1-0: Swinging Strike 1-1: Ball 2-1: Ball 3-1: Base on Balls Kevin McCormic Jr. to third Ernesto Cedillos to second
|
Batting: RHB Nick Esteves
|
0-0: Called Strike 0-1: Foul Ball, location: 2F 0-2: Ball 1-2: Strikes out looking
|
Batting: RHB Scott Treider
|
0-0: Ball 1-0: Grounds into double play, 4-6-3 (Groundball, 4, EV 101.9 MPH)
|
Top of the 3rd over - 1 run, 2 hits, 0 errors, 2 left on base; Boston 1 - Baltimore 3 |
BOTTOM OF THE 3RD |
Baltimore Orioles batting - Pitching for Boston Red Sox : LHP Ragnar Danielsson
|
Batting: SHB Jason Hayes
|
0-0: Swinging Strike 0-1: Ball 1-1: Fly out, F9 (Flyball, 9D, EV 94.4 MPH)
|
Batting: RHB Andres Leon
|
0-0: Called Strike 0-1: Called Strike 0-2: Foul Ball, location: 2F 0-2: Ball 1-2: Ball 2-2: Ground out 5-3 (Groundball, 56S, EV 82.5 MPH)
|
Batting: LHB Bob Melley
|
0-0: Ball 1-0: SINGLE (Line Drive, 78S, EV 87.5 MPH)
|
Batting: LHB Stu Sornson
|
0-0: Ball 1-0: Called Strike 1-1: Ball 2-1: Swinging Strike 2-2: Strikes out swinging
|
Bottom of the 3rd over - 0 runs, 1 hit, 0 errors, 1 left on base; Boston 1 - Baltimore 3 |
TOP OF THE 4TH |
Boston Red Sox batting - Pitching for Baltimore Orioles : RHP Sean Parks
|
Batting: LHB John Bailey
|
0-0: Ball 1-0: Ball 2-0: SOLO HOME RUN (Flyball, 89XD, EV 98.1 MPH), Distance : 402 ft
|
Batting: RHB Won-jun Park
|
0-0: Swinging Strike 0-1: Ball 1-1: SINGLE (Line Drive, 8LS, EV 100.6 MPH)
|
Batting: RHB Brandon Perris
|
0-0: Foul Ball, location: 2F 0-1: Grounds into double play, 4-6-3 (Groundball, 4, EV 90.0 MPH)
|
Batting: SHB Robbie Rogers
|
0-0: Ball 1-0: SINGLE (Groundball, 4M, EV 89.4 MPH) (infield hit)
|
Batting: LHB Kevin McCormic Jr.
|
0-0: Ball Robbie Rogers steals 2nd base 1-0: Swinging Strike 1-1: Foul Ball, location: 2F 1-2: Foul Ball, location: 2F 1-2: Ball 2-2: SINGLE (Groundball, 6MD, EV 98.8 MPH) Robbie Rogers to third Runner from 3rd tries for Home, SAFE, throw by CF to home
|
Batting: LHB Ernesto Cedillos
|
0-0: Ball 1-0: Fly out, F8 (Flyball, 8LS, EV 88.8 MPH)
|
Top of the 4th over - 2 runs, 4 hits, 0 errors, 1 left on base; Boston 3 - Baltimore 3 |
BOTTOM OF THE 4TH |
Baltimore Orioles batting - Pitching for Boston Red Sox : LHP Ragnar Danielsson
|
Batting: RHB Ruben Garza
|
0-0: Ground out 6-3 (Groundball, 6, EV 97.5 MPH)
|
Batting: RHB Jesus Luque
|
0-0: Ball 1-0: Fly out, F7 (Flyball, 7LD, EV 91.3 MPH)
|
Batting: RHB Saimei Kudo
|
0-0: Ball 1-0: Ball 2-0: Swinging Strike 2-1: Foul Ball, location: 2F 2-2: Strikes out swinging
|
Bottom of the 4th over - 0 runs, 0 hits, 0 errors, 0 left on base; Boston 3 - Baltimore 3 |
TOP OF THE 5TH |
Boston Red Sox batting - Pitching for Baltimore Orioles : RHP Sean Parks
|
Batting: SHB Rich Chavez
|
0-0: Fly out, F8 (Flyball, 8LM, EV 94.4 MPH)
|
Batting: RHB Nick Esteves
|
0-0: Ball 1-0: Ball 2-0: DOUBLE (Line Drive, 78XD, EV 108.1 MPH)
|
Batting: RHB Scott Treider
|
0-0: Ground out 4-3 (Groundball, 4M, EV 78.1 MPH) Nick Esteves to third
|
Batting: LHB John Bailey
|
0-0: Foul Ball, location: 2F 0-1: Ball 1-1: Called Strike 1-2: Foul Ball, location: 2F 1-2: Ball 2-2: Ground out 6-3 (Groundball, 6, EV 101.9 MPH)
|
Top of the 5th over - 0 runs, 1 hit, 0 errors, 1 left on base; Boston 3 - Baltimore 3 |
BOTTOM OF THE 5TH |
Baltimore Orioles batting - Pitching for Boston Red Sox : LHP Ragnar Danielsson
|
Batting: RHB Marc Peckermark
|
0-0: Called Strike 0-1: SINGLE (Groundball, P, EV 82.5 MPH) (infield hit)
|
Batting: RHB Kevin Howard
|
0-0: Foul Ball, location: 2F 0-1: Ball 1-1: Ball 2-1: Foul Ball, location: 2F 2-2: Ball 3-2: Ground out 6-3 (Groundball, 6, EV 110.0 MPH) Marc Peckermark to second
|
Batting: SHB Jason Hayes
|
0-0: Swinging Strike 0-1: Ball 1-1: Ball 2-1: Ball 3-1: Swinging Strike 3-2: Foul Ball, location: 2F 3-2: Foul Ball, location: 2F 3-2: Strikes out looking
|
Batting: RHB Andres Leon
|
0-0: Called Strike 0-1: Fly out, F7 (Flyball, 7S, EV 90.6 MPH)
|
Bottom of the 5th over - 0 runs, 1 hit, 0 errors, 1 left on base; Boston 3 - Baltimore 3 |
TOP OF THE 6TH |
Boston Red Sox batting - Pitching for Baltimore Orioles : RHP Sean Parks
|
Batting: RHB Won-jun Park
|
0-0: Foul Ball, location: 2F 0-1: Swinging Strike 0-2: SOLO HOME RUN (Flyball, 78XD, EV 97.5 MPH), Distance : 403 ft
|
Batting: RHB Brandon Perris
|
0-0: Ball 1-0: Ball 2-0: Ball 3-0: Base on Balls
|
Batting: SHB Robbie Rogers
|
0-0: Called Strike 0-1: Fly out, F7 (Flyball, 78S, EV 90.0 MPH)
|
Batting: LHB Kevin McCormic Jr.
|
0-0: Ball 1-0: Ball 2-0: 2-RUN HOME RUN (Flyball, 89XD, EV 100.0 MPH), Distance : 393 ft
|
Pitching: RHP Chris Dauphin
|
|
Batting: LHB Ernesto Cedillos
|
0-0: Foul Ball, location: 2F 0-1: Ball 1-1: Called Strike 1-2: Ground out 6-3 (Groundball, 4, EV 106.3 MPH)
|
Batting: SHB Rich Chavez
|
0-0: Ball 1-0: Ball 2-0: Called Strike 2-1: Foul Ball, location: 2F 2-2: Foul Ball, location: 2F 2-2: SINGLE (Flyball, 7LS, EV 90.6 MPH)
|
Batting: RHB Nick Esteves
|
0-0: Ball 1-0: Swinging Strike 1-1: Ball 2-1: Fly out, F8 (Flyball, 8LD, EV 89.4 MPH)
|
Top of the 6th over - 3 runs, 3 hits, 0 errors, 1 left on base; Boston 6 - Baltimore 3 |
BOTTOM OF THE 6TH |
Baltimore Orioles batting - Pitching for Boston Red Sox : LHP Ragnar Danielsson
|
Batting: LHB Bob Melley
|
0-0: Ball 1-0: Ball 2-0: Ball 3-0: Called Strike 3-1: Base on Balls
|
Batting: LHB Stu Sornson
|
0-0: Foul Ball, location: 2F 0-1: Ball 1-1: Ball Bob Melley is caught stealing 2nd base 2-6 2-1: Foul Ball, location: 2F 2-2: Ball 3-2: Foul Ball, location: 2F 3-2: Fly out, F9 (Flyball, 9LM, EV 90.0 MPH)
|
Batting: RHB Ruben Garza
|
0-0: Ground out 6-3 (Groundball, 6, EV 87.5 MPH)
|
Bottom of the 6th over - 0 runs, 0 hits, 0 errors, 0 left on base; Boston 6 - Baltimore 3 |
TOP OF THE 7TH |
Boston Red Sox batting - Pitching for Baltimore Orioles : RHP Chris Dauphin
|
Pitching: RHP Mike Hurst
|
|
Batting: RHB Scott Treider
|
0-0: Ball 1-0: Fly out, F7 (Line Drive, 7, EV 90.0 MPH)
|
Batting: LHB John Bailey
|
0-0: Ball 1-0: Ball 2-0: Ball 3-0: Called Strike 3-1: Foul Ball, location: 2F 3-2: Strikes out swinging
|
Batting: RHB Won-jun Park
|
0-0: Ball 1-0: Foul Ball, location: 2F 1-1: Swinging Strike 1-2: SINGLE (Line Drive, 8LS, EV 97.5 MPH)
|
Batting: RHB Brandon Perris
|
0-0: Foul Ball, location: 2F 0-1: Ball 1-1: Swinging Strike 1-2: SINGLE (Groundball, 4MD, EV 102.5 MPH) Won-jun Park to second Runner from 2nd tries for 3rd, SAFE, throw by CF made to third
|
Batting: SHB Robbie Rogers
|
0-0: Called Strike 0-1: Called Strike 0-2: Ball 1-2: Foul Ball, location: 2F 1-2: Strikes out swinging
|
Top of the 7th over - 0 runs, 2 hits, 0 errors, 2 left on base; Boston 6 - Baltimore 3 |
BOTTOM OF THE 7TH |
Baltimore Orioles batting - Pitching for Boston Red Sox : LHP Ragnar Danielsson
|
Pitching: LHP Adam Schneidewind
|
|
Batting: RHB Jesus Luque
|
0-0: Swinging Strike 0-1: Foul Ball, location: 2F 0-2: Ball 1-2: Ball 2-2: Ground out 6-3 (Groundball, 56, EV 105.6 MPH)
|
Batting: RHB Saimei Kudo
|
0-0: Ball 1-0: Swinging Strike 1-1: Ball 2-1: SINGLE (Line Drive, 89M, EV 105.6 MPH)
|
Batting: RHB Marc Peckermark
|
0-0: Ball Saimei Kudo steals 2nd base 1-0: Ball 2-0: Called Strike 2-1: Ball 3-1: Ground out 4-3 (Groundball, 4, EV 90.0 MPH) Saimei Kudo to third
|
Batting: RHB Kevin Howard
|
0-0: Ball 1-0: Foul Ball, location: 2F 1-1: Ball 2-1: Ball 3-1: Ground out 3-1 (Groundball, 34S, EV 85.0 MPH)
|
Bottom of the 7th over - 0 runs, 1 hit, 0 errors, 1 left on base; Boston 6 - Baltimore 3 |
TOP OF THE 8TH |
Boston Red Sox batting - Pitching for Baltimore Orioles : RHP Mike Hurst
|
Pitching: LHP Bubba Fields
|
|
Batting: LHB Kevin McCormic Jr.
|
0-0: Ball 1-0: SINGLE (Groundball, 6D, EV 105.0 MPH)
|
Batting: LHB Ernesto Cedillos
|
0-0: Fly out, F9 (Flyball, 9LD, EV 99.4 MPH)
|
Batting: SHB Rich Chavez
|
0-0: Ball 1-0: Called Strike 1-1: SINGLE (Groundball, 6M, EV 83.1 MPH) (infield hit) Kevin McCormic Jr. to second
|
Batting: RHB Nick Esteves
|
0-0: Called Strike 0-1: Foul Ball, location: 2F 0-2: 3-RUN HOME RUN (Flyball, 78XD, EV 105.6 MPH), Distance : 406 ft
|
Pitching: LHP Matt Tomlinson
|
|
Batting: RHB Scott Treider
|
0-0: Ball 1-0: Foul Ball, location: 2F 1-1: Called Strike 1-2: Strikes out swinging, 2-3 out at first.
|
Batting: LHB John Bailey
|
0-0: Called Strike 0-1: SOLO HOME RUN (Flyball, 9D, EV 103.1 MPH), Distance : 387 ft
|
Batting: RHB Won-jun Park
|
0-0: Ball 1-0: Ball 2-0: Called Strike 2-1: Foul Ball, location: 2F 2-2: SOLO HOME RUN (Flyball, 78XD, EV 97.5 MPH), Distance : 383 ft
|
Batting: RHB Brandon Perris
|
0-0: Ball 1-0: Called Strike 1-1: Foul Ball, location: 2F 1-2: Ground out 5-3 (Groundball, 5S, EV 64.4 MPH)
|
Top of the 8th over - 5 runs, 5 hits, 0 errors, 0 left on base; Boston 11 - Baltimore 3 |
BOTTOM OF THE 8TH |
Baltimore Orioles batting - Pitching for Boston Red Sox : LHP Adam Schneidewind
|
Batting: SHB Jason Hayes
|
0-0: Foul Ball, location: 2F 0-1: Ground out 5-3 (Groundball, 56, EV 81.3 MPH)
|
Batting: RHB Andres Leon
|
0-0: Foul Ball, location: 2F 0-1: Swinging Strike 0-2: Ball 1-2: Ground out 6-3 (Groundball, 6, EV 92.5 MPH)
|
Batting: LHB Bob Melley
|
0-0: Ball 1-0: Called Strike 1-1: Ball 2-1: Ball 3-1: Base on Balls
|
Batting: LHB Stu Sornson
|
0-0: Ball 1-0: Ball 2-0: Called Strike 2-1: Ground out 4-3 (Groundball, 4, EV 79.4 MPH)
|
Bottom of the 8th over - 0 runs, 0 hits, 0 errors, 1 left on base; Boston 11 - Baltimore 3 |
TOP OF THE 9TH |
Boston Red Sox batting - Pitching for Baltimore Orioles : LHP Matt Tomlinson
|
Batting: SHB Robbie Rogers
|
0-0: Ball 1-0: Ground out 4-3 (Groundball, 4, EV 100.6 MPH)
|
Batting: LHB Kevin McCormic Jr.
|
0-0: Foul Ball, location: 2F 0-1: Fly out, F5 (Popup, 56, EV 73.8 MPH)
|
Batting: LHB Ernesto Cedillos
|
0-0: Called Strike 0-1: Called Strike 0-2: Ball 1-2: Ball 2-2: Strikes out swinging
|
Top of the 9th over - 0 runs, 0 hits, 0 errors, 0 left on base; Boston 11 - Baltimore 3 |
BOTTOM OF THE 9TH |
Baltimore Orioles batting - Pitching for Boston Red Sox : LHP Adam Schneidewind
|
Batting: RHB Ruben Garza
|
0-0: Ground out 6-3 (Groundball, 6, EV 85.6 MPH)
|
Batting: RHB Jesus Luque
|
0-0: Ball 1-0: Foul Ball, location: 2F 1-1: Ball 2-1: Ground out 6-3 (Groundball, 6, EV 103.8 MPH)
|
Batting: RHB Saimei Kudo
|
0-0: Foul Ball, location: 2F 0-1: Ball 1-1: Swinging Strike 1-2: Strikes out swinging
|
Bottom of the 9th over - 0 runs, 0 hits, 0 errors, 0 left on base; Boston 11 - Baltimore 3 |
|